 Dungeon Crawl Stone Soup version 0.32-a0-131-g9dbbe29261 (webtiles) character file.

Game seed: 8991818588487855262

1260 Ceno the Covert (level 8, -3/60 (72) HPs)
             Began as a Naga Ice Elementalist on Feb 9, 2024.
             Was an Initiate of Cheibriados.
             Slain by a wight
             ... wielding a +1 hand axe
              (11 damage)
             ... in the Ecumenical Temple.
             The game lasted 00:14:23 (4314 turns).

Ceno the Covert (Naga Ice Elementalist)             Turns: 4314, Time: 00:14:24

HP:   -3/60 (72)    AC:  4    Str: 12    XL:     8   Next: 52%
MP:   14/14         EV: 10    Int: 19    God:    Cheibriados [......]
Gold: 300           SH:  0    Dex: 12    Spells: 5/15 levels left

rFire   . . .        x - +2 trident (venom)
rCold   . . .        (no shield)
rNeg    . . .        u - +0 robe
rPois   +            y - +0 helmet
rElec   .            (no cloak)
rCorr   .            (no gloves)
SInv    +            (no barding)
Will    +....        d - amulet of regeneration
Stlth   ++++         (no ring)
HPRegen 1.10/turn    (no ring)
MPRegen 0.14/turn

%: no passive effects
@: heavily drained, very slow
A: AC +2, large, see invisible, deformed body, poison resistance, slowness 2,
spit poison 1, naga tail 1
a: Spit Poison, Renounce Religion


You were in the Ecumenical Temple.
You worshipped Cheibriados.
Cheibriados was noncommittal.
You visited 2 branches of the dungeon, and saw 7 of its levels.

You collected 300 gold pieces.

Inventory:

Hand Weapons
 a - a +4 dagger of venom
 b - a +0 spear
 h - a +0 dagger
 x - a +2 trident of venom (weapon)
Missiles
 f - 83 stones
 g - 7 poisoned darts (quivered)
Armour
 j - a +0 scale mail
 u - a +0 robe (worn)
 y - a +0 helmet (worn)
 B - a +0 buckler
Jewellery
 d - an amulet of regeneration (around neck)
 v - an amulet of faith
 A - an amulet of guardian spirit
Wands
 z - a wand of polymorph (3)
Scrolls
 e - 3 scrolls of immolation
 m - a scroll of fear {unknown}
 o - a scroll of vulnerability {unknown}
 q - a scroll of noise {unknown}
Potions
 c - 8 potions of curing
 i - 3 potions of haste
 k - a potion of degeneration {unknown}
 l - a potion of might {unknown}
 n - a potion of invisibility {unknown}
 p - a potion of magic
 r - a potion of lignification {unknown}
 s - a potion of brilliance {unknown}
 t - 2 potions of cancellation
 w - a potion of enlightenment {unknown}
 C - a potion of heal wounds {unknown}


   Skills:
 + Level 4.0 Fighting
 + Level 3.9 Polearms
 - Level 1.5 Dodging
 - Level 8.0 Stealth
 + Level 0.3 Shields
 - Level 4.0 Spellcasting
 + Level 6.4 Ice Magic


You had 5 spell levels left.
You knew the following spells:

 Your Spells              Type           Power      Damage    Failure   Level
a - Freeze                Ice            100%       1d10      1%          1
b - Frozen Ramparts       Ice            56%        1d9       3%          3
c - Ozocubu's Armour      Ice            28%        N/A       3%          3
d - Summon Ice Beast      Ice/Summ       16%        N/A       11%         3

Your spell library contained the following spells:

 Spells                   Type           Power      Damage    Failure   Level


Dungeon Overview and Level Annotations

Branches:
Dungeon (6/15)             Temple (1/1) D:6

Altars:
Ashenzari
Cheibriados
Dithmenos
Elyvilon
Fedhas
Gozag
Hepliaklqana
Kikubaaqudgha
Makhleb
Nemelex Xobeh
Okawaru
Qazlal
Ru
Sif Muna
Trog
Uskayaw
Vehumet
Wu Jian
Xom
Zin
The Shining One

Shops:
D:5 [!(

Annotations:
D:3 Grinder


Innate Abilities, Weirdness & Mutations

Your serpentine skin is tough. (AC +2)
You have supernaturally acute eyesight. (SInv)
Armour fits poorly on your strangely shaped body.
Your system is resistant to poisons. (rPois)
You cover ground very slowly.
You can spit poison.
You have a snake-like lower body.


Message History

* * * LOW HITPOINT WARNING * * *
Your ice beast closely misses the wight.
Reach: x) +2 trident (venom)
Press: ? - help, Dir - move target, f/p - wight
Aim: a wight, wielding a +0 halberd and wearing a +0 robe (almost destroyed, ally target, about 38% to evade your +2 trident of venom)
You could not reach far enough!
The wight closely misses you.
Your ice beast hits the wight but does no damage.
The wight barely misses you.
Reach: x) +2 trident (venom)
Press: ? - help, Dir - move target, f/p - wight
Aim: a wight, wielding a +0 halberd and wearing a +0 robe (almost destroyed, ally target, about 38% to evade your +2 trident of venom)
You reach to attack!
You hit the wight.
You destroy the wight!
Cheibriados appreciates the change of pace.
A wight comes into view. It is wielding a +1 hand axe.
The wight hits your ice beast with a +1 hand axe.
Your ice beast hits the wight but does no damage.
The wight hits your ice beast with a +1 hand axe.
Your ice beast dies!
Your ice beast disappears in a puff of smoke!
The wight hits you with a +1 hand axe.
There is a staircase to the Ecumenical Temple here.
You can't go up here!
The wight hits you with a +1 hand axe!
* * * LOW HITPOINT WARNING * * *
You feel drained.
* * * LOW HITPOINT WARNING * * *
You climb downwards.
Welcome back to the Ecumenical Temple!
There is a staircase back to the Dungeon here.
You hit the wight but do no damage. You punch the wight.
The wight is lightly damaged.
The wight hits you with a +1 hand axe.
* * * LOW HITPOINT WARNING * * *
You feel drained.
* * * LOW HITPOINT WARNING * * *
You hit the wight but do no damage.
The wight is lightly damaged.
The wight hits you with a +1 hand axe!
You die...
Cheibriados appreciates the motionlessness of death.

#########################
................@.......#
#+##############z.#####.#
#..#...#.._.#..#..#...#.#
#_.#...#....#..+..+._.#.#
####...#+#######..#...#.#
#_.#...#.#._#..#.######.#
#..#+###.#..#._#.#..._#.#
##+#..⌠..#'##..#.+....#.#
............##+#.#....#.#


You could see a wight.

Vanquished Creatures
  An ice beast (D:5)
  2 black bears
  2 gnoll sergeants (D:5)
  A scorpion (D:5)
  A wight (D:6)
  2 bombardier beetles
  An orc priest (D:4)
  A gnoll bouda (D:5)
  2 hounds (D:5)
  A sleepcap (D:5)
  An iguana (D:4)
  4 orc wizards
  13 gnolls (D:5)
  6 adders
  3 dart slugs
  13 orcs
  3 bats
  10 endoplasms
  A giant cockroach (D:2)
  7 goblins
  4 hobgoblins
  8 jackals
  4 quokkas
  5 ball pythons
  8 kobolds
  6 rats
110 creatures vanquished.

Vanquished Creatures (collateral kills)
  A gnoll sergeant (D:5)
  A hound (D:5)
  An iguana (D:5)
  A gnoll (D:5)
  3 orcs
7 creatures vanquished.

Grand Total: 117 creatures vanquished

Notes
Turn   | Place    | Note
-------+----------+-------------------------------------------
     0 | D:1      | Ceno the Naga Ice Elementalist began the quest for the Orb.
     0 | D:1      | Reached XP level 1. HP: 15/15 MP: 3/3
   146 | D:1      | Reached XP level 2. HP: 13/22 MP: 3/5
   233 | D:1      | You fall into a shaft and drop 1 floor!
   233 | D:2      | Found a white marble altar of Elyvilon.
   236 | D:2      | Became a worshipper of Elyvilon the Healer
   541 | D:1      | Reached * piety under Elyvilon
   564 | D:1      | Reached XP level 3. HP: 23/28 MP: 3/6
   669 | D:1      | Learned a level 3 spell: Frozen Ramparts
   673 | D:1      | Learned a level 3 spell: Ozocubu's Armour
  1316 | D:2      | Reached skill level 4 in Stealth
  1382 | D:2      | Reached XP level 4. HP: 36/36 MP: 5/8
  1705 | D:2      | Reached ** piety under Elyvilon
  2077 | D:3      | Noticed Grinder
  2166 | D:3      | Reached XP level 5. HP: 36/42 MP: 7/10
  2172 | D:3      | Learned a level 3 spell: Summon Ice Beast
  2386 | D:4      | HP: 1/42 [orc wizard/+4 dagger of venom (2)]
  2390 | D:4      | Reached skill level 5 in Stealth
  2529 | D:4      | Reached XP level 6. HP: 50/50 MP: 10/12
  2640 | D:4      | Reached skill level 1 in Fighting
  2640 | D:4      | Reached skill level 1 in Polearms
  2640 | D:4      | Reached skill level 5 in Ice Magic
  2766 | D:4      | Reached *** piety under Elyvilon
  2917 | D:5      | Entered Level 5 of the Dungeon
  2947 | D:5      | Found an iron altar of Okawaru.
  2963 | D:5      | Reached skill level 6 in Stealth
  3058 | D:5      | Reached XP level 7. HP: 57/58 MP: 13/13
  3382 | D:5      | Reached skill level 7 in Stealth
  3480 | D:5      | Found an ornate altar of the Wu Jian Council.
  3520 | D:5      | Found Guciufip's Distillery.
  3524 | D:5      | Found Lukluih's Antique Armour Boutique.
  3524 | D:5      | Found Lorept's Weapon Emporium.
  3796 | D:5      | Reached XP level 8. HP: 69/69 MP: 14/14
  3874 | D:5      | Reached skill level 8 in Stealth
  4137 | D:6      | Found a glowing silver altar of Zin.
  4224 | D:6      | Found a staircase to the Ecumenical Temple.
  4235 | Temple   | Entered the Ecumenical Temple
  4253 | Temple   | Fell from the grace of Elyvilon
  4253 | Temple   | Became a worshipper of Cheibriados the Contemplative
  4314 | Temple   | Slain by a wight

Illustrated notes

Levels and vault maps discovered:
D:1:      amcnicky_arrival_flooded_fountain, layout_loops_ring,
          minmay_tetromino_s2
D:2:      layout_loops_corners, basic_altar, bh_walls_and_bars
D:3:      layout_rooms, mainiacjoe_overflow_paths, grunt_decor_fettered,
          uniq_grinder, uniq_sigmund
D:4:      layout_rooms
D:5:      layout_cave_pools, lemuel_doored_altar, amcnicky_altar_gilded,
          serial_gnoll_camp, gnoll_camp_medium_02, gnoll_camp_mini_loothouse,
          gnoll_camp_mini_house, gnoll_camp_mini_basic, nicolae_wooded_promenade
D:6:      layout_loops_corners, mainiacjoe_overflow_alcove_1, elyvilon_altar_1,
          minmay_temple_entry_stoned_glass, st_stairs_14,
          kb_lookout_dungeons_type, centaur_isle
Temple:   bh_familiar_temple

Skill      XL: |  1  2  3  4  5  6  7  8 |
---------------+-------------------------+-----
Stealth        | 4 5 6 7 8 |  8.0
Spellcasting   | 3 4 |  4.0
Fighting       | 1 3 4 |  4.0
Polearms       | 1 3 |  3.9
Ice Magic      | 5 6 |  6.4
Dodging        | |  1.5
Shields        | |  0.3

Action                     |  1- 3 |  4- 6 |  7- 9 || total
---------------------------+-------+-------+-------++-------
  Melee: Unarmed           |     6 |       |       ||     6
         Dagger            |    19 |    33 |       ||    52
         Spear             |     5 |    58 |       ||    63
         Punch             |       |     2 |     3 ||     5
         Trident           |       |     3 |   103 ||   106
  Throw: Dart              |       |     1 |     2 ||     3
   Cast: Freeze            |    20 |    15 |     1 ||    36
         Frozen Ramparts   |       |     9 |     8 ||    17
         Ozocubu's Armour  |       |     4 |     5 ||     9
         Summon Ice Beast  |       |     3 |     4 ||     7
Ability: Spit Poison       |    22 |    20 |     3 ||    45
    Use: Scroll            |       |     3 |       ||     3
         Potion            |       |     1 |     1 ||     2
   Stab: Sleeping          |     2 |     3 |     3 ||     8
         Distracted        |       |     1 |       ||     1
 Armour: Robe              |    18 |    76 |    74 ||   168
  Dodge: Dodged            |    13 |    52 |    48 ||   113

Table legend: (Time is in decaauts)
 A = Elapsed time spent in this place.
 B = Non-inter-level travel time spent in this place.
 C = Inter-level travel time spent in this place.
 D = Time resting spent in this place.
 E = Time spent auto-exploring this place.
 F = Levels seen in this place.
 G = Mean time per level.
                   A        B        C        D        E       F      G
               +--------+--------+--------+--------+--------+-----+--------+
         Total |   5509 |   5259 |    250 |    356 |   3279 |   7 |  787.0 |
       Dungeon |   5452 |   5253 |    199 |    356 |   3279 |   6 |  908.7 |
        Temple |     56 |      6 |     50 |      0 |      0 |   1 |   56.0 |
               +--------+--------+--------+--------+--------+-----+--------+

Top non-repeatable levels by time:
     D:5: 1450 daAuts
     D:2: 1435 daAuts
     D:1: 1234 daAuts
     D:4: 929 daAuts
     D:6: 207 daAuts
     D:3: 196 daAuts
  Temple: 56 daAuts
